 Dungeon Crawl Stone Soup version 0.29-a0-234-g0dae59b3db (webtiles) character file.

Game seed: 9507774769428879173

3 jlumianski the Ducker (level 1, 0/16 HPs)
             Began as a Demonspawn Gladiator on Mar 3, 2022.
             Slain by a kobold
             ... wielding a +1 short sword of holy wrath
              (1 damage)
             ... on level 1 of the Dungeon.
             The game lasted 00:00:38 (137 turns).

jlumianski the Ducker (Demonspawn Gladiator)         Turns: 137, Time: 00:00:39

Health: 0/16       AC:  4    Str: 14    XL:     1   Next: 41%
Magic:  1/1        EV: 12    Int:  9    God:
Gold:   0          SH:  0    Dex: 14    Spells: 0/0 levels left

rFire   . . .      SeeInvis .   a - +0 war axe
rCold   . . .      Faith    .   (no shield)
rNeg    . . .      Spirit   .   b - +0 leather armour
rPois   .          Reflect  .   c - +0 helmet
rElec   .          Harm     .   (no cloak)
rCorr   .          Rampage  .   (no gloves)
Will    .....                   (no boots)
Stlth   +.........              (no amulet)
HPRegen 0.05/turn               (no ring)
MPRegen 0.07/turn               (no ring)

@: no status effects
A: no striking features
a: no special abilities


You were on level 1 of the Dungeon.
You visited 1 branch of the dungeon, and saw 1 of its levels.

Inventory:

Hand Weapons
 a - a +0 war axe (weapon)
Missiles
 d - 3 throwing nets (quivered)
 f - 22 stones
Armour
 b - a +0 leather armour (worn)
 c - a +0 helmet (worn)
Potions
 e - a potion of brilliance {unknown}


   Skills:
 + Level 2.0 Fighting
 + Level 2.7 Axes
 + Level 1.7 Throwing
 + Level 2.9 Dodging


You couldn't memorise any spells.
You didn't know any spells.
Your spell library was empty.

Dungeon Overview and Level Annotations

Branches:
Dungeon (1/15)

Altars:


Message History

e - a murky red potion HP restored.
Found 22 stones.
A kobold comes into view.
It is wielding a +1 short sword of holy wrath.
A frilled lizard comes into view.
The frilled lizard hisses angrily.
You see here 22 stones.
f - 22 stones The kobold shouts!
The kobold throws a stone.
The stone hits you.
You miss the frilled lizard. The frilled lizard misses you.
The frilled lizard closely misses you.
You closely miss the frilled lizard. The frilled lizard bites you.
The kobold barely misses you.
You closely miss the frilled lizard. You barely miss the kobold.
The frilled lizard closely misses you.
The kobold hits you with a +1 short sword of holy wrath.
You convulse.
The frilled lizard misses you.
You barely miss the frilled lizard. You closely miss the kobold.
The kobold closely misses you.
The frilled lizard bites you but does no damage.
The kobold hits you but does no damage.
You slash the frilled lizard!
You kill the frilled lizard!
You hit the kobold. The kobold closely misses you.
The kobold barely misses you.
You see here a frilled lizard corpse.
The kobold hits you with a +1 short sword of holy wrath.
You convulse.
The kobold throws a stone.
The stone hits you but does no damage.
The kobold throws a stone.
The stone hits you but does no damage.
The kobold throws a stone.
The stone hits you.
The kobold hits you with a +1 short sword of holy wrath.
* * * LOW HITPOINT WARNING * * *
You convulse.
* * * LOW HITPOINT WARNING * * *
You barely miss the kobold.
The kobold is severely wounded.
The kobold hits you with a +1 short sword of holy wrath.
You die...

###.###.# ##.# .##
........#####..### ...
###.###...≈#≈....###.#..
#.##.....≈...........#
###.#......).......#####
......≈.........†≈..#####
###..≈≈[.........≈≈......
##..............K.....##.
#...............@........
#......†..####...........
#........## ##......≈.#.
..≈......# #.....≈#.#P
###≈.....# #......≈...
#≈......# ##.......###
#........ #........#
#....................#
#..........K............


You could see a kobold.

Vanquished Creatures
  A ball python (D:1)
  A goblin (D:1)
  A frilled lizard (D:1)
3 creatures vanquished.

Notes
Turn   | Place    | Note
-------+----------+-------------------------------------------
     0 | D:1      | jlumianski the Demonspawn Gladiator began the quest for the
                  | Orb.
     0 | D:1      | Reached XP level 1. HP: 16/16 MP: 1/1
   137 | D:1      | Slain by a kobold

Illustrated notes

Levels and vault maps discovered:
D:1:      amcnicky_arrival_choice, layout_loops_corners, serial_forest,
          infiniplex_forest_clump_tiny, infiniplex_forest_straight_1,
          infiniplex_forest_lined_corner, infiniplex_forest_straight_3,
          infiniplex_forest_clump_long, infiniplex_forest_straight_4,
          infiniplex_forest_lined_2, kennysheep_decorative_pillar

Action                   || total
-------------------------++-------
Melee: War axe           ||    12
Armor: Leather armour    ||     6
Dodge: Dodged            ||    13

Table legend: (Time is in decaauts)
 A = Elapsed time spent in this place.
 B = Non-inter-level travel time spent in this place.
 C = Inter-level travel time spent in this place.
 D = Time resting spent in this place.
 E = Time spent auto-exploring this place.
 F = Levels seen in this place.
 G = Mean time per level.
                   A        B        C        D        E       F      G
               +--------+--------+--------+--------+--------+-----+--------+
         Total |    141 |    141 |      0 |      0 |     46 |   1 |  141.0 |
       Dungeon |    141 |    141 |      0 |      0 |     46 |   1 |  141.0 |
               +--------+--------+--------+--------+--------+-----+--------+

Top non-repeatable levels by time:
     D:1: 141 daAuts
